 Dungeon Crawl Stone Soup version 0.25-a0-100-g33052ceff8 (webtiles) character file.

Game seed: 12628654488068318646, levelgen mode: deterministic

4 RedPan the Chiller (level 1, 0/14 HPs)
             Began as a Draconian Ice Elementalist on Nov 15, 2019.
             Slain by a goblin
             ... wielding a +0 dagger
              (4 damage)
             ... on level 1 of the Dungeon.
             The game lasted 00:00:25 (189 turns).

RedPan the Chiller (Draconian Ice Elementalist)      Turns: 189, Time: 00:00:26

Health: 0/14       AC:  4    Str: 10    XL:     1   Next: 50%
Magic:  0/3        EV: 12    Int: 15    God:
Gold:   15         SH:  0    Dex: 11    Spells: 3/4 levels left

rFire    . . .     SeeInvis .   e - +0 dagger
rCold    . . .     Gourm    .   (no shield)
rNeg     . . .     Faith    .   (armour unavailable)
rPois    .         Spirit   .   (helmet restricted)
rElec    .         Reflect  .   (no cloak)
rCorr    .         Harm     .   (no gloves)
MR       .....                  (no boots)
Stlth    ++........             (no amulet)
HPRegen  0.04/turn              (no ring)
MPRegen  0.08/turn              (no ring)

@: no status effects
A: unfitting armour, cold-blooded, AC +4
a: no special abilities


You were on level 1 of the Dungeon.
You were not hungry.

You visited 1 branch of the dungeon, and saw 1 of its levels.

You collected 15 gold pieces.

Inventory:

Hand Weapons
 e - a +0 dagger (weapon)
Scrolls
 a - 2 scrolls of identify {unknown}
Potions
 c - a potion of curing {unknown}
 d - a potion of haste {unknown}
Comestibles
 b - a ration


   Skills:
 - Level 1.7 Dodging
 - Level 1.7 Stealth
 + Level 2.1 Spellcasting
   Level 1.0 Conjurations
 + Level 3.1 Ice Magic


You had 3 spell levels left.
You knew the following spells:

 Your Spells              Type           Power        Failure   Level  Hunger
a - Freeze                Ice            ##..         6%          1    #......

Your spell library contained the following spells:

 Spells                   Type           Power        Failure   Level  Hunger
 Throw Frost              Conj/Ice       #.....       14%         2    ###....
 Ozocubu's Armour         Chrm/Ice       #.......     34%         3    ###....
 Throw Icicle             Conj/Ice       #.......     67%         4    #####..
 Summon Ice Beast         Ice/Summ       #.......     75%         4    #####..


Dungeon Overview and Level Annotations

Branches:
Dungeon (1/15)

Altars:


Innate Abilities, Weirdness & Mutations

Your plain brown scales are hard. (AC +4)
You cannot fit into any form of body armour.
You are cold-blooded and may be slowed by cold attacks.


Message History

The goblin hits you but does no damage.
Casting: Freeze (safe; 6% risk of failure)
Confirm with . or Enter, or press ? or * to list all spells.
Aiming: Freeze (safe; 6% risk of failure)
Press: ? - help, Shift-Dir - straight line, f/p - goblin
Aim: a goblin, wielding a +0 dagger (heavily wounded)
You freeze the goblin.
The goblin is almost dead.
The goblin hits you with a +0 dagger.
You closely miss the goblin.
The goblin is almost dead.
The goblin hits you but does no damage.
You closely miss the goblin.
Your tail-slap misses the goblin.
The goblin is almost dead.
The goblin hits you with a +0 dagger.
* * * LOW HITPOINT WARNING * * *
You hit the goblin but do no damage.
The goblin is almost dead.
The goblin hits you with a +0 dagger.
You die...

...........#.#
###.######.##.#.#
#....[..........#
#......#####..###
#...... ####..#
#....[g #.....#
#...... #.##.##
.......##.##.#
#.gg@....#
#.###.#### .. ..#
#.. ### #. .. #


You could see 2 goblins.

Vanquished Creatures
  3 bats (D:1)
  2 rats (D:1)
5 creatures vanquished.

Notes
Turn   | Place    | Note
-------+----------+-------------------------------------------
     0 | D:1      | RedPan the Draconian Ice Elementalist began the quest for
                  | the Orb.
     0 | D:1      | Reached XP level 1. HP: 14/14 MP: 3/3
   189 | D:1      | Slain by a goblin

Levels and vault maps discovered:
D:1:      lightli_arrival_windingriver, layout_loops_cross, item_on_display_a

Action                   || total
-------------------------++-------
Melee: Dagger            ||     6
 Cast: Freeze            ||     6
Armor: Skin              ||     5
Dodge: Dodged            ||     7

Table legend:
 A = Non-vault XP
 B = Vault XP
 C = Vault XP percentage of total XP
 D = Non-vault monster count
 E = Vault monster count
 F = Vault count percentage of total count
                 A         B        C        D         E       F
            +---------+---------+-------+---------+---------+-------
      Total |       6 |       0 |   0.0 |       5 |       0 |   0.0
            +---------+---------+-------+---------+---------+-------
        D:1 |       6 |       0 |   0.0 |       5 |       0 |   0.0
            +---------+---------+-------+---------+---------+-------
